Cogmind - Beta 13 @@@ ROGUE MODE // 2024.04.02 @ 16:45:31 Player: Ham Result: Destroyed by B-75 Beast with Heavy Machine Gun Performance ------------- Evolutions (2) 1000 Regions Visited (4) 800 Robots Destroyed (60) 300 Value Destroyed (1596) 1596 Prototype IDs (2) 40 Alien Tech Used (0) 0 Bonus (204) 204 TOTAL SCORE: 3940 Bonus ------- High Alert Combat Kills 4 Entered Garrisons 200 Cogmind --------- Core Integrity 0/550 Matter 253/300 Energy 86/240 System Corruption 0% Temperature Cool (25) Movement Core (2500) Ox49 Location -8/Garrison Parts ------- > --- POWER (1) -------- Nuclear Core > --- PROPULSION (3) --- (None) > --- UTILITY (5) ------ Cargo Storage Unit Visual Processing Unit Signal Interpreter Improved Targeting Computer > --- WEAPON (2) ------- Medium Laser > --- INVENTORY (30) --- Improved Heat Sink Cooling System Improved Terrain Scanner Targeting Computer Targeting Computer Hacking Suite System Shield Relay Coupler [NC] (28) Relay Coupler [NC] (22) Relay Coupler [Brawler] (29) Relay Coupler [Sentry] (24) Particle Cannon Heavy Particle Cannon High-powered Shotgun Peak State ------------ > --- POWER ------------ Deuterium Engine > --- PROPULSION ------- Armored Wheel Armored Wheel Armored Wheel > --- UTILITY ---------- Improved Heat Sink High-capacity Storage Unit Visual Processing Unit Signal Interpreter Shield Generator > --- WEAPON ----------- Particle Cannon High-powered Shotgun > --- INVENTORY -------- Nuclear Core Nuclear Core Armored Wheel Armored Wheel Cooling System Improved Terrain Scanner Targeting Computer Targeting Computer Improved Targeting Computer Hacking Suite System Shield EM Shotgun Medium Laser EM Pulse Cannon Heavy Particle Cannon Heavy Particle Cannon Heavy Assault Rifle EMP Blaster [Rating: 27] Favorites ----------- Power Light Nuclear Core Engine Light Ion Engine Power Core Light Nuclear Core Propulsion Wheel Wheel Wheel Flight Unit Flight Unit Utility Signal Interpreter Device Shield Generator Storage High-capacity Storage Unit Processor Signal Interpreter Weapon Assault Rifle Energy Gun Particle Gun Energy Cannon Heavy Particle Cannon Ballistic Gun Assault Rifle Launcher EMP Blaster Build | -11 -10 -9 -8 -8 ------- Run | Yrd Mat Mat Mat Gar Slots Evolved 4 | . . 2 2 . Power . | . . . . . Propulsion 1 | . . 1 . . Utility 3 | . . 1 2 . Weapon . | . . . . . Parts Attached 65 | 7 15 17 13 13 Power 9 | 1 1 3 2 2 Engine 4 | 1 . 2 1 . Core 5 | . 1 1 1 2 Reactor . | . . . . . Propulsion 23 | 2 9 9 1 2 Treads . | . . . . . Leg . | . . . . . Wheel 21 | 2 7 9 1 2 Hover . | . . . . . Flight 2 | . 2 . . . Utility 14 | 2 3 1 7 1 Device 7 | 1 . . 6 . Storage 3 | 1 1 . 1 . Processor 4 | . 2 1 . 1 Hackware . | . . . . . Protection . | . . . . . Artifact . | . . . . . Weapon 19 | 2 2 4 3 8 Energy Gun 4 | . 2 . . 2 Energy Cannon 7 | . . 2 1 4 Ballistic Gun 6 | 2 . 1 2 1 Ballistic Cannon . | . . . . . Launcher 2 | . . 1 . 1 Special Weapon . | . . . . . Impact Weapon . | . . . . . Slashing Weapon . | . . . . . Piercing Weapon . | . . . . . Special Melee Weapon . | . . . . . Unidentified Prototypes . | . . . . . Parts Lost 21 | . 1 6 2 12 Power 4 | . . 2 . 2 Propulsion 9 | . 1 3 1 4 Utility 1 | . . . . 1 Weapon 7 | . . 1 1 5 Highest Loss Streak 12 | . 1 3 2 12 To Critical Strikes . | . . . . . Average Slot Usage (%) 96 | . 99 98 93 88 Engine 5 | . 5 4 5 8 Core 5 | . 8 6 3 . Wheel 28 | . 27 31 25 25 Device 3 | . . . 13 8 Storage 11 | . 14 11 9 9 Processor 17 | . 13 22 18 18 Energy Gun 7 | . 12 10 . . Energy Cannon 6 | . . 6 9 15 Ballistic Gun 8 | . 15 4 9 1 Naked Turns . | . . . . . Heaviest Build 163 | 13 50 54 158 163 Greatest Support 36 | 20 20 36 36 36 Greatest Overweight (x) 12 | . 2 4 4 12 Average Overweight (x) 1 | . . 1 2 4 Largest Inventory Capacity 30 | 8 20 20 30 30 Average Capacity 19 | 7 12 20 24 30 Most Carried 22 | 8 16 20 20 22 Average Carried 14 | 3 9 16 17 20 Final Capacity 30 | 8 20 20 30 30 Final Carried 19 | 8 14 17 19 14 Class Distribution -------------------- 43% | Scavenger-Mutant 35% | Mutant 21% | Hauler-Mutant Dominant Class ---------------- Scavenger-Mutant | -10/Materials Scavenger-Mutant | -9/Materials Mutant | -8/Materials Hauler-Mutant | -8/Garrison Resources | -11 -10 -9 -8 -8 ----------- Run | Yrd Mat Mat Mat Gar Matter Collected 1198 | 360 310 195 269 64 Remotely . | . . . . . Salvage Created 1789 | 219 454 602 191 323 Parts 135 | 23 32 49 4 27 Haulers Intercepted . | . . . . . Recyclers Shooed 1 | 1 . . . . Parts Field Recycled . | . . . . . Retrieved Matter . | . . . . . Parts Self-Destructed . | . . . . . Prevented . | . . . . . Kills | -11 -10 -9 -8 -8 ------- Run | Yrd Mat Mat Mat Gar Combat Hostiles Destroyed 41 | . 10 19 4 8 Guns 26 | . 10 9 4 3 Cannons 14 | . . 9 . 5 AOE 1 | . . 1 . . Classes Destroyed 9 | 3 4 2 . . Worker 6 | 2 4 . . . Tunneler 5 | 5 . . . . Recycler 1 | 1 . . . . Operator 2 | . 1 1 . . Watcher 5 | . 3 2 . . Swarmer 16 | . 3 10 . 3 Grunt 20 | . 7 7 4 2 Duelist 1 | . . 1 . . Sentry 4 | . . 1 . 3 Best Kill Streak 5 | 5 4 4 4 3 Combat Bots Only 4 | . 3 4 4 3 Max Kills in Single Turn 2 | 2 1 2 1 1 Gunslinging . | . . . . . Exploded 1 | . . 1 . . Melee . | . . . . . Uniques/NPCs Destroyed . | . . . . . Combat | -11 -10 -9 -8 -8 -------- Run | Yrd Mat Mat Mat Gar Hostile Shots Fired 387 | . 37 137 52 161 Missed 106 | . 5 34 17 50 Damage Taken 3668 | . 441 1002 478 1747 Core 868 | . 98 197 86 487 Absorbed by Shields 244 | . . . 117 127 Regen/Repaired (Parts) 24 | . . . 24 . Core Remaining (%) 70 | 100 60 50 . . Volleys Fired 183 | 15 58 60 20 30 Largest 2 | 2 2 2 2 2 Hottest 138 | 40 115 118 95 138 Shots Fired 352 | 30 106 119 40 57 Gun 236 | 30 106 70 20 10 Cannon 114 | . . 47 20 47 Launcher 2 | . . 2 . . Special . | . . . . . Kinetic 164 | 30 70 35 20 9 Thermal 166 | . 36 82 20 28 Explosive . | . . . . . Electromagnetic 22 | . . 2 . 20 Robot Hit Streak 9 | 7 8 9 7 6 Robot Miss Streak 13 | 2 5 13 3 2 Penetration Max . | . . . . . Secondary Targets 1 | . . 1 . . Max Gunslinging Chain 1 | . . 1 . . Shots Hit Robots 173 | 18 53 50 29 23 Core Hits 81 | 8 24 26 13 10 Critical Kills 1 | . . 1 . . Critical Parts Destroyed . | . . . . . Critical Strikes 7 | . 1 5 . 1 Burn 5 | . 1 4 . . Destroy 1 | . . 1 . . Corrupt 1 | . . . . 1 Melee Attacks . | . . . . . Impact . | . . . . . Slashing . | . . . . . Piercing . | . . . . . Sneak Attacks . | . . . . . Combat Hostiles . | . . . . . Follow-up Attacks . | . . . . . Damage Inflicted 2941 | 237 736 951 519 498 Guns 1724 | 237 736 372 273 106 Cannons 1162 | . . 524 246 392 Explosions 55 | . . 55 . . Melee . | . . . . . Ramming . | . . . . . Kinetic 1177 | 237 476 98 273 93 Thermal 1578 | . 260 798 246 274 Explosive . | . . . . . Electromagnetic 186 | . . 55 . 131 Impact . | . . . . . Slashing . | . . . . . Piercing . | . . . . . Highest Corruption 1 | . 1 . . . Average Corruption 1 | . 1 . . . Corruption Purged . | . . . . . Corruption Blocked . | . . . . . Overload Shots . | . . . . . Overflow Damage 20 | . . 20 . . Projectiles 20 | . . 20 . . Explosions . | . . . . . Melee . | . . . . . Knockbacks . | . . . . . Impact . | . . . . . Kinetic . | . . . . . Secondary . | . . . . . Self-Inflicted Damage 35 | . . 35 . . Shots 2 | . . 2 . . Rammed . | . . . . . Targets Rammed . | . . . . . Kicked . | . . . . . Crushed . | . . . . . Highest Temperature 471 | . 210 471 14 314 Average Temperature 119 | . 61 174 8 86 Received Heat Transfer 1012 | . 198 213 237 364 Effects 7 | . . 7 . . Shutdowns 2 | . . 2 . . Energy Bleed 2 | . . 2 . . Interference 2 | . . 2 . . Matter Decay 1 | . . 1 . . Siege Activations . | . . . . . Robots Corrupted . | . . . . . Combat Hostiles . | . . . . . Parts Fried . | . . . . . Impact Corruptions . | . . . . . Robots Melted . | . . . . . Combat Hostiles . | . . . . . Parts Melted 5 | . . 4 . 1 Heat Transferred 3441 | . 666 1887 444 444 Parts Sabotaged . | . . . . . Parts Stolen . | . . . . . Parts Stripped . | . . . . . Power Chain Reactions . | . . . . . Alert | -11 -10 -9 -8 -8 ------- Run | Yrd Mat Mat Mat Gar Peak Influence 441 | 40 280 441 275 318 Initial 185 | . 26 52 185 48 Average 192 | 18 147 258 231 195 Maximum Alert Level 2 | . 1 2 1 1 Low Security (%) 54 | 100 70 37 32 58 Level 1 38 | . 29 39 67 41 Level 2 6 | . . 23 . . Level 3 . | . . . . . Level 4 . | . . . . . Level 5 . | . . . . . High Security . | . . . . . Max Security . | . . . . . Squads Dispatched 3 | . 2 1 . . Investigation . | . . . . . Extermination . | . . . . . Reinforcement 3 | . 2 1 . . Assault . | . . . . . Garrison . | . . . . . Intercept . | . . . . . Searches Triggered . | . . . . . Construction Impeded . | . . . . . Haulers Reinforced . | . . . . . Active Scanning Responses . | . . . . . Cargo Convoy Interrupts . | . . . . . Stealth | -11 -10 -9 -8 -8 --------- Run | Yrd Mat Mat Mat Gar Distress Signals 1 | . . 1 . . Communications Jammed . | . . . . . Distress Signals . | . . . . . Times Spotted 64 | . 20 27 4 13 Peak Tracking Total 5 | . 3 5 4 5 Tactical Retreats 6 | . 1 2 . 3 Traps | -11 -10 -9 -8 -8 ------- Run | Yrd Mat Mat Mat Gar Traps Triggered 3 | . 1 . . 2 Indirectly . | . . . . . Trap Hack Attempts . | . . . . . Triggered . | . . . . . Disarmed . | . . . . . Reprogrammed 7 | . 6 1 . . Reused 3 | . 3 . . . Traps Extracted . | . . . . . Installed . | . . . . . Triggered 3 | . 3 . . . Machines | -11 -10 -9 -8 -8 ---------- Run | Yrd Mat Mat Mat Gar Machines Disabled 6 | . . 3 1 2 Max in Single Turn 1 | . . 1 1 1 Garrison Relay 1 | . . . . 1 Machines Repaired . | . . . . . Machines Dismantled . | . . . . . Machines Sabotaged . | . . . . . Overloaded Fab Kills . | . . . . . Hacking | -11 -10 -9 -8 -8 --------- Run | Yrd Mat Mat Mat Gar Machines Accessed 15 | . 9 2 4 . Terminals 10 | . 7 2 1 . Fabricators . | . . . . . Repair Stations 1 | . . . 1 . Recycling Units 3 | . 2 . 1 . Scanalyzers . | . . . . . Garrison Access 1 | . . . 1 . Total Hacks 40 | . 24 6 10 . Successful 22 | . 11 4 7 . Failed 18 | . 13 2 3 . Catastrophic 2 | . 2 . . . Database Lockouts . | . . . . . Manual . | . . . . . Terminals 26 | . 17 6 3 . Fabricators . | . . . . . Repair Stations 3 | . . . 3 . Recycling Units 9 | . 7 . 2 . Scanalyzers . | . . . . . Garrison Access 2 | . . . 2 . Terminal Hacks 14 | . 9 4 1 . Record 4 | . 1 2 1 . Robot Analysis 1 | . 1 . . . Prototype ID Bank 1 | . 1 . . . Scanalyzer Index 1 | . . 1 . . Alert Level 1 | . 1 . . . Reprogram Traps 2 | . 1 1 . . Dispatch Records 1 | . 1 . . . Zone Layout 3 | . 3 . . . Fabricator Hacks . | . . . . . Repair Station Hacks 2 | . . . 2 . Scan Component 1 | . . . 1 . Repair 1 | . . . 1 . Recycling Unit Hacks 4 | . 2 . 2 . Retrieve Matter 1 | . . . 1 . Retrieve Components 3 | . 2 . 1 . Scanalyzer . | . . . . . Garrison Access Hacks 2 | . . . 2 . Unlock Access 1 | . . . 1 . Coupler Status 1 | . . . 1 . Unauthorized Hacks . | . . . . . Terminals . | . . . . . Fabricators . | . . . . . Repair Stations . | . . . . . Recycling Units . | . . . . . Scanalyzers . | . . . . . Garrison Access . | . . . . . Data Cores Recovered 1 | . 1 . . . Used . | . . . . . Hacking Detections 12 | . 8 2 2 . Full Trace Events 1 | . . 1 . . Feedback Events . | . . . . . Feedback Blocked . | . . . . . Robot Schematics Acquired . | . . . . . Robots Built . | . . . . . Authchips . | . . . . . Time . | . . . . . Total Robot Build Rating . | . . . . . Part Schematics Acquired . | . . . . . Parts Built . | . . . . . Authchips . | . . . . . Time . | . . . . . Total Part Build Rating . | . . . . . Parts Repaired 1 | . . . 1 . Time 32 | . . . 32 . Parts Recycled . | . . . . . Recycled Matter . | . . . . . Retrieved Matter . | . . . . . Retrieved Components 12 | . 11 . 1 . Parts Scanalyzed . | . . . . . Part Schematics Acquired . | . . . . . Parts Damaged . | . . . . . Bothacking | -11 -10 -9 -8 -8 ------------ Run | Yrd Mat Mat Mat Gar Used RIF Installer . | . . . . . Robots Hacked . | . . . . . Non-combat . | . . . . . Combat . | . . . . . Robot Hacks Applied . | . . . . . Relay Couplers Released 4 | . . . . 4 Machine Destruction 4 | . . . . 4 Fabnet Peak Effective % . | . . . . . Robots Rewired . | . . . . . Allies Hacked . | . . . . . Hacks Repelled . | . . . . . Allies | -11 -10 -9 -8 -8 -------- Run | Yrd Mat Mat Mat Gar Total Allies . | . . . . . Largest Group . | . . . . . Highest-Rated Group . | . . . . . Highest-Rated Ally . | . . . . . Total Orders . | . . . . . Ally Attacks . | . . . . . Total Damage . | . . . . . Kills . | . . . . . Allies Corrupted . | . . . . . Allies Melted . | . . . . . Intel | -11 -10 -9 -8 -8 ------- Run | Yrd Mat Mat Mat Gar Robot Analysis Total 1 | . 1 . . . Derelict Logs Recovered . | . . . . . Drone Launches . | . . . . . Drone Recoveries . | . . . . . Exploration | -11 -10 -9 -8 -8 ------------- Run | Yrd Mat Mat Mat Gar Turns Passed 2516 | 136 880 688 435 377 Spaces Moved 1744 | 87 731 478 282 166 Core 1 | 1 . . . . Treads . | . . . . . Legs . | . . . . . Wheels 1741 | 86 729 478 282 166 Hover . | . . . . . Flight 2 | . 2 . . . Fastest Speed 50 | 50 80 95 101 150 Average Speed 104 | 79 92 98 123 153 Slowest Speed 270 | 80 117 140 150 270 Overloaded Moves . | . . . . . Propulsion Burnouts . | . . . . . Robots Hopped . | . . . . . Cave-ins Triggered . | . . . . . Exploration Rate (%) 35 | 4 99 34 18 22 Regions Visited 4 Branch Regions . Pre-discovered Areas . | . . . . . Known Exits Taken 3 | . 1 1 1 . Unknown Exits Taken 1 | 1 . . . . Scrap Searched . | . . . . . Spaces Dug . | . . . . . Terrain Destroyed 11 | . . 8 3 . Melee . | . . . . . Projectile 11 | . . 8 3 . AOE . | . . . . . Terrain Rammed . | . . . . . Walls Destroyed . | . . . . . Machines Disabled . | . . . . . Actions | -11 -10 -9 -8 -8 --------- Run | Yrd Mat Mat Mat Gar Total 2098 | 123 829 585 331 230 Wait . | . . . . . Move 1740 | 86 730 477 281 166 Hop . | . . . . . Pick Up 68 | 15 17 21 11 4 Fast Attach . | . . . . . Attach 32 | 7 1 8 8 8 Detach 1 | . . . 1 . Swap 33 | . 14 9 5 5 Drop 25 | . 9 10 5 1 Fire 183 | 15 58 60 20 30 Melee . | . . . . . Ram . | . . . . . Kick . | . . . . . Crush . | . . . . . Escape Stasis 16 | . . . . 16 Rewire . | . . . . . Trap . | . . . . . Miscellaneous . | . . . . . Route ------- -11/Scrapyard -10/Materials (discovered 5 exits: *Mat x3 / *Min x2) -9/Materials -8/Materials -8/Garrison History --------- Turn | Location | Event 6 | -11/Scrapyard | Discovered new exit (range 16) 137 | -11/Scrapyard | Entered Materials 296 | -10/Materials | Discovered new exit (range 11) 321 | -10/Materials | Build established: Mutant 409 | -10/Materials | Discovered new exit (range 3) 410 | -10/Materials | Identified exit to Materials 641 | -10/Materials | Identified exit to Mines 792 | -10/Materials | Build established: Scavenger-Mutant 801 | -10/Materials | Discovered exit to Materials (range 18) 853 | -10/Materials | Discovered exit to Mines (range 12) 1005 | -10/Materials | Discovered exit to Materials (range 11) 1017 | -10/Materials | Entered another Materials area 1017 | -9/Materials | Evolved 2 slots: Propulsion x1, Utility x1 1316 | -9/Materials | Lost 3 parts (2n1w) 1672 | -9/Materials | Discovered new exit (range 18) 1697 | -9/Materials | Identified exit to Materials 1705 | -9/Materials | Entered another Materials area 1705 | -8/Materials | Evolved 2 slots: Utility x2 1875 | -8/Materials | Build established: Mutant 2077 | -8/Materials | Identified exit to Garrison 2094 | -8/Materials | Repaired Shield Generator 2140 | -8/Materials | Entered Garrison 2172 | -8/Garrison | Triggered checkpoint 2213 | -8/Garrison | Garrison Relay disabled 2267 | -8/Garrison | Build established: Hauler-Mutant 2408 | -8/Garrison | Triggered checkpoint 2428 | -8/Garrison | Spotted B-75 Beast 2439 | -8/Garrison | Spotted B-75 Beast 2502 | -8/Garrison | Core integrity fell below 50% 2514 | -8/Garrison | Core integrity fell below 20% 2517 | -8/Garrison | Destroyed by B-75 Beast with Heavy Machine Gun Last Messages --------------- 02475_ Knocked back. 02476_ Acquired 3 matter. 02479_ Knocked back. 02480_ Shield Generator destroyed. 02485_ Arm. Wheel destroyed. 02485_ Knocked back. 02491_ Hvy. Assault Rifle destroyed. 02495_ Deuterium Engine destroyed. 02498_ Acquired 2 matter. 02501_ Arm. Wheel destroyed. 02501_ EMP Blaster destroyed. 02501_ Knocked back. 02502_ Acquired 3 matter. 02504_ EM Pulse Cannon destroyed. 02506_ G-47 Trooper destroyed. 02508_ Y-45 Defender destroyed. 02510_ EM Pulse Cannon destroyed. 02513_ EM Shotgun destroyed. 02513_ Nuclear Core destroyed. 02513_ Arm. Wheel destroyed. Map ----- +----------------------------------------------------+ | | | | | | | | | ?????????????????????????????????????????????????? | | ?????????????????????????????????????????????????? | | ?????????????????????????????????????????????????? | | ?????????????????????????????????????????????????? | | ?????????????????????????????????????????????????? | | ?????????????????????????????????????????????????? | | ?????????????????????????????????????????????????? | | ?????????????????????????????????????????????????? | | ?????????????????????????????????????????????????? | | ?????????????????????????????????????????????????? | | ?????????????????????#######?????????????????????? | | ?????????????????????# #?????????????????????? | | ?????????????????????# #?????????????????????? | | ?????????????????????# #?????????????????????? | | ?????????????????????### #?????????????????????? | | ???????????????????????# #?????????????????????? | | ???????????????????????# #?????????????????????? | | ???????????????????????# #?????????????????????? | | ???????????????????????# #?????????????????????? | | ???????????????????????#% #?????????????????????? | | ???????????????????????# #?????????????????????? | | ???????????????????????# @%#?????????????????????? | | ???????????????????????# #?????????????????????? | | ???????????????????????# %#?????????????????????? | | ???????????????????????# %#?????????????????????? | | ???????????????????????# #?????????????????????? | | ???????????????????????# #?????????????????????? | | ???????????????????????# #?????????????????????? | | ???????????????????????#% #?????????????????????? | | ???????????????????????# #?????????????????????? | | ???????????????????????# ==#?????????????????????? | | ???????????????????????# !%#?????????????????????? | | ???????????????????????# *#?????????????????????? | | ????????################ %%############??????????? | | ????????# = !BB #??????????? | | ????????# == !%BB #??????????? | | ????????### #####*%=## =[#### #### #??????????? | | ?????????#"" ""#??#*[[##BB #??# #??# #??????????? | | ?????????#######??######BB #??# #??# #??????????? | | ???????????????????????# =[#??# #??# #??????????? | | ???????????????????????# !%#??# #??# #??????????? | | ???????????????????????# =#??# #??# #??????????? | | ???????????????????????# ############# ## ## | | ??????????????##"##????# # | | ??????????????# [###### ![ # | | ??????????????## %! =%= # | +----------------------------------------------------+ Best States ------------- Heat Dissipation 53 Energy Generation 14 Energy Capacity 275 Matter Stores 300 Matter Capacity 300 Sight Range 18 Terrain Scan Density 10 Evasion (%) 44 Item Schematics ----------------- None Robot Schematics ------------------ None Fabricated ------------ Nothing Alien Tech Used ----------------- None Achievements -------------- Tank Challenges ------------ None Game ------ Seed ExplosiveInsulatedBlaster Manual? 0 Play Time 00:38:57 Cumulative 4.9 hours Start 2024.04.02 @ 16:04:23 End 2024.04.02 @ 16:45:31 Sessions 1 Manual Loads 0 Difficulty Rogue Special Mode None Game No. 8 Rogue 8 Adventurer 0 Explorer 0 Win Type - Total 0 Types 0/0/0/0/0/0/0/0/0 Lore% 6 Gallery% 8 Achievement% 8 Wizard Run 0 Options --------- Layout 1 ASCII 0 Keyboard 0 Movement Mouse Keybinds 0 Fullscreen 1 Font 16/SmallcapsGlow Map View 55x38 Zoom Use 0% Tactical HUD 1 Map Filters NONE Filters NONE Steam 1 RUN: c32a0df5-935f-4f89-bef5-19e0d43856c0